 Dungeon Crawl Stone Soup version 0.19.4-9-g45fd643 (webtiles) character file.

86 Gargoyl the Skirmisher (level 4, -13/41 HPs)
             Began as a Ghoul Abyssal Knight on Feb 22, 2017.
             Was a Follower of Lugonu.
             Mangled by a small abomination (23 damage)
             ... on level 1 of the Abyss.
             The game lasted 00:00:26 (183 turns).

Gargoyl the Skirmisher (Ghoul Abyssal Knight)        Turns: 183, Time: 00:00:27

Health: -13/41     AC:  0    Str: 15      XL:     4   Next: 50%
Magic:  4/4        EV: 11    Int:  6 (7)  God:    Lugonu [*.....]
Gold:   0          SH:  0    Dex:  8 (9)  Spells: 0 memorised, 3 levels left

rFire  . . .     SeeInvis .     a - +1 hand axe
rCold  + . .     Gourm    .     b - +0 leather armour
rNeg   + + +     Faith    .     (no shield)
rPois  ∞         Spirit   .     (no helmet)
rElec  .         Reflect  .     (no cloak)
rCorr  .         Harm     .     (no gloves)
MR     .....                    (no boots)
Stlth  +.........               (no amulet)
                                (no ring)
                                (no ring)

@: corroded, rotting
A: rotting body, claws 1, carnivore 3, cold resistance 1, negative energy
resistance 3, slow regeneration 1, torment resistance, unbreathing
a: Depart the Abyss, Renounce Religion


You were on level 1 of the Abyss.
You worshipped Lugonu.
Lugonu was aware of your devotion.
You were not hungry.

You visited 0 branches of the dungeon, and saw 0 of its levels.
You visited the Abyss 1 time.

Inventory:

Hand Weapons
 a - a +1 hand axe (weapon)
Armour
 b - a +0 leather armour (worn)
Comestibles
 c - a meat ration


   Skills:
 + Level 4.7 Fighting
 + Level 2.6 Axes
 + Level 2.1 Armour
 + Level 0.8 Dodging
 + Level 2.3 Invocations


You had 3 spell levels left.
You didn't know any spells.

Dungeon Overview and Level Annotations

Branches:
Dungeon (0/15)

Altars:


Innate Abilities, Weirdness & Mutations

Your body is rotting away.
You thrive on raw meat.
You are immune to poison.
You have sharp fingernails.
You are carnivorous and can eat meat at any time.
Your flesh is cold resistant. (rC+)
You are immune to negative energy. (rN+++)
You regenerate slowly when monsters are visible.
You are immune to unholy pain and torment.
You can survive without breathing.


Message History

The wretched star pulses with an eldritch light!
Your body decomposes!
You feel dopey.
Unknown command.
An ufetubus comes into view.
The ufetubus shouts!
The rust devil hits you!
* * * LOW HITPOINT WARNING * * *
The rust devil corrodes you!
Found a gateway leading deeper into the Abyss.
Found 8 gold pieces.
The wretched star pulses with an eldritch light!
Found a hunting sling.
The wretched star pulses with an eldritch light!
Found 8 gold pieces.
You see here a scroll labeled ZOLINA ROQUEN.
The rust devil closely misses you. The rust devil barely misses you.
The small abomination hits you!!
Ouch! That really hurt!
You die...

.# #.#......###...#.# ..
#.#..........#.....###...
.....#.##...........#....
#...#..##............)...
# ##.#.... .........$...
## ........ .#*.........
.##.#..##... ##.5.#.#.. #
. . #....#$.4x.## ..
.........@...# .
.................
.##................
....#...........
...###...#.#.... ...
.###.###... # .. . ...
.#. #. ..


You could see a wretched star, a rust devil, a small abomination and an
ufetubus.

Vanquished Creatures
  An eye of draining (Abyss:1)
1 creature vanquished.

Notes
Turn   | Place    | Note
-------+----------+-------------------------------------------
     0 | Abyss:1  | Gargoyl the Ghoul Abyssal Knight began the quest for the Orb.
     0 | Abyss:1  | Reached XP level 1. HP: 19/19 MP: 1/1
   132 | Abyss:1  | Noticed an eye of draining
   151 | Abyss:1  | Killed an eye of draining
   151 | Abyss:1  | Reached skill level 4 in Fighting
   151 | Abyss:1  | Reached XP level 2. HP: 28/28 MP: 2/2
   151 | Abyss:1  | Reached XP level 3. HP: 34/34 MP: 3/3
   151 | Abyss:1  | Reached XP level 4. HP: 41/41 MP: 4/4
   164 | Abyss:1  | Noticed a small abomination
   167 | Abyss:1  | Noticed a wretched star
   170 | Abyss:1  | Noticed a rust devil
   183 | Abyss:1  | Mangled by a small abomination

Skill      XL: |  1 |
---------------+----+-----
Fighting       | 4 |  4.7
Axes           | 2 |  2.6
Armour         | 2 |  2.1
Dodging        | |  0.8
Invocations    | |  2.3

Action                   |  1- 3 |  4- 6 || total
-------------------------+-------+-------++-------
Melee: Hand axe          |    16 |       ||    16
  Use: Scroll            |     1 |       ||     1
Dodge: Dodged            |       |     4 ||     4
